 Dungeon Crawl Stone Soup version bcrawl-1.18.1 (webtiles) character file.

Game seed: 17308215708504500605

3284 magaron the Carver (level 9, -2/55 HPs)
             Began as a Skeleton Fighter on Nov 12, 2019.
             Was an Elder of Nemelex Xobeh.
             Killed by a distortion unwield (14 damage)
             ... on level 8 of the Dungeon.
             The game lasted 00:31:44 (5867 turns).

magaron the Carver (Skeleton Fighter)               Turns: 5867, Time: 00:31:45

Health: -2/55      AC: 11    Str: 26    XL:     9   Next: 69%
Magic:  0/9        EV: 11    Int:  7    God:    Nemelex Xobeh [****..]
Gold:   461        SH: 12    Dex: 11    Spells: 8/8 levels left

rFire    . . .     SeeInvis +   (no weapon)
rCold    + . .     Gourm    .   c - +0 shield
rNeg     + + +     Faith    +   b - +0 scale mail
rPois    ∞         Spirit   +   (no helmet)
rElec    .         Reflect  .   j - +0 cloak (curse)
rCorr    .         Harm     .   i - +1 pair of gloves
MR       +....                  (no boots)
Stlth    +.........             p - amulet of faith
HPRegen  0.18/turn              d - ring of see invisible
MPRegen  0.11/turn              e - +3 ring of dexterity

@: no status effects
A: no food or potions, cold resistance 1, deterioration 1, negative energy
resistance 3, powered by death 1, torment resistance, unbreathing, magic shield,
sturdy frame 1, spell healing
a: Draw Escape, Draw Destruction, Draw Summoning, Triple Draw, Deal Four,
Renounce Religion


You were on level 8 of the Dungeon.
You worshipped Nemelex Xobeh.
Nemelex Xobeh was greatly pleased with you.
You were not hungry.

You visited 1 branch of the dungeon, and saw 8 of its levels.

You collected 461 gold pieces.

Inventory:

Hand Weapons
 a - a +0 long sword
 q - a +1 falchion of distortion
 r - a +0 scythe of holy wrath
 z - a +2 war axe of flaming
Armour
 b - a +0 scale mail (worn)
 c - a +0 shield (worn)
 i - a +1 pair of gloves (worn)
 j - a cursed +0 cloak (worn)
 x - a +0 pair of gloves
Jewellery
 d - a ring of see invisible (left hand)
 e - a +3 ring of dexterity (right hand)
 m - an uncursed ring of poison resistance
 p - an amulet of faith (around neck)
 u - an uncursed ring of fire
Wands
 h - a wand of iceblast (7)
Scrolls
 f - 2 scrolls of identify
 k - a scroll of magic mapping
 l - a scroll of fear
 n - 2 scrolls of teleportation
 o - 2 scrolls of amnesia
 s - 3 scrolls of fog
 t - 2 scrolls of remove curse
 v - a scroll of blinking
 w - 2 scrolls of enchant armour
 y - a scroll of enchant weapon {unknown}
Potions
 g - 3 potions of brilliance


   Skills:
 + Level 5.9 Fighting
 + Level 9.6 Long Blades
 + Level 7.6 Armour
 + Level 4.2 Dodging
 + Level 1.8 Stealth
 + Level 8.4 Shields


You had 8 spell levels left.
You didn't know any spells.
Your spell library contained the following spells:

 Spells                   Type           Power        Failure   Level  Hunger
 Corona                   Hex            #......      86%         1    N/A
 Ensorcelled Hibernation  Hex/Ice        #.....       95%         2    N/A
 Confuse                  Hex            #.......     99%         3    N/A
 Dazzling Spray           Conj/Hex       #.....       99%         3    N/A
 Tukima's Dance           Hex            #.......     99%         3    N/A

Dungeon Overview and Level Annotations

Branches:
Dungeon (8/12)             Temple (0/1) D:4
   Lair: D:7-9          Orc: D:8-11

Altars:
Cheibriados
Fedhas
Hepliaklqana
Makhleb
Nemelex Xobeh
Sif Muna

Shops:
D:8 %


Innate Abilities, Weirdness & Mutations

You do not eat or drink.
You are immune to poison.
Your flesh is cold resistant. (rC+)
Your body sometimes deteriorates upon taking damage.
You are immune to negative energy. (rN+++)
You regenerate a little health from kills.
You are immune to unholy pain and torment.
You can survive without breathing.
When hurt, damage is shared between your health and your magic reserves.
Your movements are slightly less encumbered by armour. (ER -2)
Casting spells heals you.


Message History

Unknown command.
The walls disappear prematurely!
y - a scroll labeled ITOESA DIUGI You see here a hydra corpse.
You swap places.
Found 249 sling bullets.
Found a stone staircase leading down.
You see here a glowing war axe.
z - a glowing war axe
As you read the scroll of identify, it crumbles to dust.
z - a +2 war axe of flaming Wield which item (- for none, * to show all)? (? for menu, Esc to quit)
Really unwield
q - a +1 falchion of distortion? [Y]es or [N]o only, please.
Really unwield
q - a +1 falchion of distortion? [Y]es or [N]o only, please.
Really unwield
q - a +1 falchion of distortion?
You are caught in a strong localised spatial distortion.
You die...
Your body glows with a rainbow of weird colours and disappears.

#.# .># .# ..# #.# ..#
#.# ..# #.# ..## .
#.#######...##..
#######
#.#...#@N....(.#
#.....#
##...#...c.#>####
#)###.###...###.#....#
..#..........#^......#
..............†#.#...#
......####...........#
....### #######.##..#
....# ......# ......
......##


You could see a friendly naga sharpshooter and a friendly yaktaur.

Vanquished Creatures
  A troll (D:7)
  A hippogriff (D:6)
  A basilisk (D:7)
  A hungry ghost (D:6)
  An orc warrior (D:6)
  A sky beast (D:5)
  A black bear (D:4)
  An ice beast (D:5)
  An ogre (D:4)
  2 phantoms
  2 centaurs
  2 bullfrogs
  A big kobold (D:6)
  A water moccasin zombie (D:7)
  A scorpion (D:5)
  A crimson imp (D:4)
  An orc priest (D:5)
  2 hounds
  A jelly (D:6)
  A bullfrog zombie (D:5)
  A centaur skeleton (D:4)
  3 orc wizards
  Jessica (D:2)
  3 worker ants
  3 iguanas
  2 hound skeletons
  2 howler monkey skeletons
  An adder (D:7)
  2 shadow imps
  3 oozes
  4 worms
  A dart slug (D:7)
  6 leopard geckos
  19 orcs
  4 bats
  2 giant cockroaches
  5 goblins (D:2)
  10 hobgoblins
  7 jackals
  10 kobolds
  4 quokkas
  3 frilled lizards
  4 rats
124 creatures vanquished.

Vanquished Creatures (collateral kills)
  A hydra (D:8)
  Sigmund (D:2)
  An ice beast (D:7)
  An ogre (D:7)
  A jelly (D:7)
  A worker ant zombie (D:7)
  Robin (D:2)
  An adder (D:7)
  An orc (D:5)
  2 goblins (D:2)
  A kobold (D:2)
  A rat (D:2)
13 creatures vanquished.

Vanquished Creatures (others)
  An ogre (D:7)
  A bullfrog (D:7)
2 creatures vanquished.

Grand Total: 139 creatures vanquished

Notes
Turn   | Place    | Note
-------+----------+-------------------------------------------
     0 | D:1      | magaron the Skeleton Fighter began the quest for the Orb.
     0 | D:1      | Reached XP level 1. HP: 14/14 MP: 1/1
    73 | D:1      | Found a sparkling altar of Nemelex Xobeh.
    83 | D:1      | Became a worshipper of Nemelex Xobeh the Trickster
   105 | D:1      | Reached XP level 2. HP: 19/19 MP: 2/2
   203 | D:1      | Received a gift from Nemelex Xobeh
   684 | D:2      | Noticed Robin
   691 | D:2      | Reached XP level 3. HP: 15/23 MP: 1/3
   695 | D:2      | Killed Robin
   695 | D:2      | Reached skill level 3 in Long Blades
   813 | D:2      | Noticed Sigmund
   827 | D:2      | Killed Sigmund
   827 | D:2      | Reached skill level 4 in Long Blades
   827 | D:2      | Reached skill level 1 in Dodging
   827 | D:2      | Reached XP level 4. HP: 7/28 MP: 1/4
   827 | D:2      | Reached XP level 5. HP: 8/32 MP: 1/5
   942 | D:2      | Received a gift from Nemelex Xobeh
  1194 | D:2      | Noticed Jessica
  1205 | D:2      | Killed Jessica
  1205 | D:2      | Reached skill level 5 in Shields
  1497 | D:2      | Found a snail-covered altar of Cheibriados.
  1500 | D:2      | Found a shimmering blue altar of Sif Muna.
  1500 | D:2      | Found a hazy altar of Hepliaklqana.
  1515 | D:2      | Found a blossoming altar of Fedhas.
  1534 | D:2      | Found a burning altar of Makhleb.
  2336 | D:4      | Noticed a black bear
  2344 | D:4      | Reached skill level 5 in Long Blades
  2344 | D:4      | Gained mutation: You regenerate a little health from kills.
                  | [Skeleton growth]
  2344 | D:4      | Reached XP level 6. HP: 32/37 MP: 6/6
  2426 | D:4      | Reached * piety under Nemelex Xobeh
  2739 | D:4      | Reached XP level 7. HP: 43/43 MP: 7/7
  2759 | D:4      | Reached skill level 6 in Long Blades
  2759 | D:4      | Reached skill level 5 in Armour
  2893 | D:4      | Received a gift from Nemelex Xobeh
  3072 | D:4      | Found a staircase to the Ecumenical Temple.
  3316 | D:5      | Entered Level 5 of the Dungeon
  3492 | D:5      | Reached ** piety under Nemelex Xobeh
  3562 | D:5      | Reached skill level 7 in Long Blades
  3650 | D:5      | Received a gift from Nemelex Xobeh
  3731 | D:5      | Reached XP level 8. HP: 30/48 MP: 5/8
  4090 | D:6      | Reached skill level 1 in Stealth
  4272 | D:6      | Noticed a hippogriff
  4286 | D:6      | Killed a hippogriff
  4286 | D:6      | Reached skill level 5 in Fighting
  4286 | D:6      | Reached skill level 8 in Long Blades
  4619 | D:6      | Received a gift from Nemelex Xobeh
  5123 | D:7      | Reached *** piety under Nemelex Xobeh
  5123 | D:7      | Received a gift from Nemelex Xobeh
  5139 | D:7      | Noticed a troll
  5143 | D:7      | Reached skill level 9 in Long Blades
  5144 | D:7      | Killed a troll
  5144 | D:7      | Reached XP level 9. HP: 30/54 MP: 9/9
  5155 | D:7      | Noticed a troll
  5167 | D:7      | a troll changed into a basilisk
  5490 | D:7      | Received a gift from Nemelex Xobeh
  5784 | D:8      | Found Zoghy's Food Emporium.
  5838 | D:8      | Reached **** piety under Nemelex Xobeh
  5839 | D:8      | Noticed a six-headed hydra
  5850 | D:8      | Killed a seven-headed hydra
  5867 | D:8      | Killed by a distortion unwield

Skill      XL: |  1  2  3  4  5  6  7  8  9 |
---------------+----------------------------+-----
Shields        | 4 5 6 7 8 |  8.4
Long Blades    | 4 5 7 9 |  9.6
Armour         | 4 5 6 7 |  7.6
Dodging        | 1 2 3 4 |  4.2
Fighting       | 4 5 |  5.9
Stealth        | 1 |  1.8

Action                   |  1- 3 |  4- 6 |  7- 9 || total
-------------------------+-------+-------+-------++-------
Melee: Long sword        |    87 |   171 |   146 ||   404
       Falchion          |       |       |    62 ||    62
 Abil: Draw Summoning    |     2 |       |     3 ||     5
       Draw Destruction  |     1 |     2 |    24 ||    27
       Draw Escape       |     1 |       |     3 ||     4
  Use: Scroll            |     2 |     3 |     9 ||    14
Armor: Scale mail        |    22 |    64 |    90 ||   176
Dodge: Dodged            |    29 |    64 |    65 ||   158
Block: Shield            |    51 |   116 |   138 ||   305
